 Dungeon Crawl Stone Soup version 0.28.0 (webtiles) character file.

Game seed: 11622499901625598507

693 Renzlar the Shield-Bearer (level 7, 0/60 HPs)
             Began as a Gnoll Fighter on Feb 12, 2022.
             Succumbed to an orc's poison
             ... on level 4 of the Dungeon.
             The game lasted 00:12:55 (3191 turns).

Renzlar the Shield-Bearer (Gnoll Fighter)           Turns: 3191, Time: 00:12:56

Health: 0/60       AC: 13    Str: 17    XL:     7   Next: 64%
Magic:  10/10      EV:  8    Int:  7    God:
Gold:   172        SH:  6    Dex: 18    Spells: 11/11 levels left

rFire   . . .      SeeInvis .   a - +0 war axe
rCold   . . .      Faith    .   c - +0 buckler
rNeg    . . .      Spirit   .   h - +0 chain mail
rPois   .          Reflect  .   j - +0 helmet
rElec   .          Harm     .   (no cloak)
rCorr   +          Rampage  .   o - +0 pair of gloves
Will    .....                   (no boots)
Stlth   ..........              (no amulet)
HPRegen 0.20/turn               k - +6 ring of dexterity
MPRegen 0.12/turn               p - ring of resist corrosion

@: lethally poisoned (0 -> -9)
A: fangs 1, strong nose, distributed training
a: no special abilities


You were on level 4 of the Dungeon.
You visited 1 branch of the dungeon, and saw 4 of its levels.

You collected 172 gold pieces.

Inventory:

Hand Weapons
 a - a +0 war axe (weapon)
 l - a +0 dagger of venom
 q - a +0 vorpal flail
Missiles
 f - 65 stones (quivered)
 r - 18 bolts
Armour
 b - a +0 scale mail
 c - a +0 buckler (worn)
 h - a +0 chain mail (worn)
 j - a +0 helmet (worn)
 m - a +0 troll leather armour {Pargi}
 o - a +0 pair of gloves (worn)
Jewellery
 k - a +6 ring of dexterity (left hand)
 p - a ring of resist corrosion (right hand)
Scrolls
 e - a scroll of teleportation
 g - a scroll of identify
 n - a scroll of immolation {unknown}
Potions
 d - a potion of might
 i - a potion of mutation
 s - a potion of resistance


   Skills:
 + Level 7.1 Fighting
 + Level 2.6 Short Blades
 + Level 2.6 Long Blades
 + Level 5.3 Axes
 + Level 2.6 Maces & Flails
 + Level 2.6 Polearms
 + Level 2.6 Staves
 + Level 2.6 Slings
 + Level 2.6 Bows
 + Level 2.6 Crossbows
 + Level 2.6 Throwing
 + Level 7.1 Armour
 + Level 2.6 Dodging
 + Level 2.6 Stealth
 + Level 7.1 Shields
 + Level 2.6 Unarmed Combat
 + Level 2.6 Spellcasting
 + Level 2.1 Conjurations
 + Level 2.1 Hexes
 + Level 2.1 Summonings
 + Level 2.1 Necromancy
 + Level 2.1 Translocations
 + Level 2.1 Transmutations
 + Level 2.1 Fire Magic
 + Level 2.1 Ice Magic
 + Level 2.1 Air Magic
 + Level 2.1 Earth Magic
 + Level 2.1 Poison Magic
 + Level 2.9 Invocations
 + Level 2.6 Evocations


You had 11 spell levels left.
You didn't know any spells.
Your spell library was empty.

Dungeon Overview and Level Annotations

Branches:
Dungeon (4/15)
 Temple: D:4-7

Altars:

Shops:
D:4 [[


Innate Abilities, Weirdness & Mutations

You have very sharp teeth.
Your uncanny sense of smell can sniff out nearby items.
Your experience applies equally to all skills.


Message History

You closely miss something. Your bite misses something.
Something completely misses you.
Press: ? - help, v - describe, . - travel, g - get item
Here: an orc, wielding a +0 hand axe of venom and wearing a +0 scale mail
Items here: a +0 falchion; a +0 leather armour.
The floor, spattered with blood.
Unknown command.
You barely miss the orc. You miss something. You block the orc's attack.
You hear some strange, mumbled words.
A puff of flame appears from out of thin air!
The puff of flame hits you. The orc hits you but does no damage.
You are poisoned.
You hit the orc.
The orc is moderately wounded.
You miss something.
You feel very sick.
You hear some strange, mumbled words.
A puff of flame appears from out of thin air!
The puff of flame hits you but does no damage.
The orc hits you but does no damage.
You are more poisoned.
Something hits you but does no damage.
Unknown command.
You hit the orc.
You kill the orc!
You hit something but do no damage.
* * * LOW HITPOINT WARNING * * *
You feel very sick. Something hits you.
* * * LOW HITPOINT WARNING * * *
Unknown command.
Okay, then.
You miss something.
* * * LOW HITPOINT WARNING * * *
You feel very sick. Something hits you.
* * * LOW HITPOINT WARNING * * *
Unknown command.
You miss something.
You die...

.###.#..#...........
###................
#..................
#..#...##..........
...#.#..#.......... #
#..#............. #..
##)....<....######
.....##.).##.)...##♣....
.......@{)###....##..≈≈≈
..####.#).#.#....##.≈≈≈≈
...#..(.......#∩≈≈≈≈
.....#.........##.≈≈≈≈
.....###.........##..≈≈≈
..... #...(......#♣....
#... .....#(..#.#.######
#... ...####.##...##.o..
.##. #..###....)..o


There were no monsters in sight!

Vanquished Creatures
  Edmund (D:4)
  2 ogres (D:4)
  Pargi (D:4)
  A centaur (D:3)
  A scorpion (D:4)
  Jessica (D:2)
  An orc wizard (D:4)
  Robin (D:2)
  A gnoll (D:1)
  4 dart slugs
  2 worms (D:2)
  20 orcs (D:4)
  5 ball pythons
  5 endoplasms
  4 giant cockroaches
  13 goblins
  7 hobgoblins
  A jackal (D:3)
  3 quokkas
  3 bats
  A frilled lizard (D:1)
  2 kobolds
  4 rats
84 creatures vanquished.

Notes
Turn   | Place    | Note
-------+----------+-------------------------------------------
     0 | D:1      | Renzlar the Gnoll Fighter began the quest for the Orb.
     0 | D:1      | Reached XP level 1. HP: 23/23 MP: 1/1
    50 | D:1      | Reached XP level 2. HP: 24/29 MP: 2/2
   301 | D:1      | Found a faded altar of an unknown god.
   318 | D:1      | Reached XP level 3. HP: 32/35 MP: 3/3
   838 | D:2      | Reached skill level 1 in Invocations
   885 | D:2      | Noticed Jessica
   890 | D:2      | Killed Jessica
   891 | D:2      | Reached skill level 1 in Short Blades
   891 | D:2      | Reached skill level 1 in Long Blades
   891 | D:2      | Reached skill level 1 in Maces & Flails
   891 | D:2      | Reached skill level 1 in Polearms
   891 | D:2      | Reached skill level 1 in Staves
   891 | D:2      | Reached skill level 1 in Slings
   891 | D:2      | Reached skill level 1 in Bows
   891 | D:2      | Reached skill level 1 in Crossbows
   891 | D:2      | Reached skill level 1 in Throwing
   891 | D:2      | Reached skill level 1 in Dodging
   891 | D:2      | Reached skill level 1 in Stealth
   891 | D:2      | Reached skill level 1 in Unarmed Combat
   891 | D:2      | Reached skill level 1 in Spellcasting
   891 | D:2      | Reached skill level 1 in Evocations
   891 | D:2      | Reached XP level 4. HP: 21/41 MP: 5/5
  1398 | D:2      | Noticed Robin
  1489 | D:2      | Killed Robin
  1490 | D:2      | Reached skill level 1 in Conjurations
  1490 | D:2      | Reached skill level 1 in Hexes
  1490 | D:2      | Reached skill level 1 in Summonings
  1490 | D:2      | Reached skill level 1 in Necromancy
  1490 | D:2      | Reached skill level 1 in Translocations
  1490 | D:2      | Reached skill level 1 in Transmutations
  1490 | D:2      | Reached skill level 1 in Fire Magic
  1490 | D:2      | Reached skill level 1 in Ice Magic
  1490 | D:2      | Reached skill level 1 in Air Magic
  1490 | D:2      | Reached skill level 1 in Earth Magic
  1490 | D:2      | Reached skill level 1 in Poison Magic
  1907 | D:3      | Noticed a centaur
  1921 | D:3      | Killed a centaur
  1922 | D:3      | Reached XP level 5. HP: 24/47 MP: 5/7
  2246 | D:3      | You fall into a shaft and drop 1 floor!
  2246 | D:4      | Noticed an ogre
  2249 | D:4      | Noticed Pargi
  2260 | D:4      | Killed an ogre
  2261 | D:4      | Reached skill level 5 in Axes
  2261 | D:4      | Reached XP level 6. HP: 27/53 MP: 8/8
  2269 | D:4      | Killed Pargi
  2535 | D:4      | Reached XP level 7. HP: 43/59 MP: 10/10
  2709 | D:4      | Found Xuurak's Antique Armour Boutique.
  2875 | D:4      | Noticed Edmund
  2892 | D:4      | Killed Edmund
  3055 | D:4      | Found Xeweufosh's Armour Emporium.
  3190 | D:4      | HP: 3/60 [something (6)]
  3191 | D:4      | Succumbed to an orc's poison

Illustrated notes

Levels and vault maps discovered:
D:1:      lightli_arrival_farm, layout_rooms,
          hellmonk_ecumenical_altar_inner_sanctum
D:2:      layout_basic, hangedman_decor_clover_reticule, uniq_jessica,
          uniq_robin
D:3:      minmay_skewed_foursquare, layout_basic,
          mainiacjoe_overflow_small_starburst, chequers_avenue,
          kennysheep_decorative_pillar, lemuel_another_geyser
D:4:      layout_cave_pools, mainiacjoe_overflow_catwalk, serial_shops,
          nicolae_lakefront_shop, nicolae_shop_window_shopping, shop,
          uniq_edmund, uniq_pargi

Skill      XL: |  1  2  3  4  5  6  7 |
---------------+----------------------+-----
Invocations    | 1 2 |  2.9
Short Blades   | 1 2 |  2.6
Long Blades    | 1 2 |  2.6
Maces & Flails | 1 2 |  2.6
Polearms       | 1 2 |  2.6
Staves         | 1 2 |  2.6
Slings         | 1 2 |  2.6
Bows           | 1 2 |  2.6
Crossbows      | 1 2 |  2.6
Throwing       | 1 2 |  2.6
Dodging        | 1 2 |  2.6
Stealth        | 1 2 |  2.6
Unarmed Combat | 1 2 |  2.6
Spellcasting   | 1 2 |  2.6
Evocations     | 1 2 |  2.6
Conjurations   | 1 2 |  2.1
Hexes          | 1 2 |  2.1
Summonings     | 1 2 |  2.1
Necromancy     | 1 2 |  2.1
Translocations | 1 2 |  2.1
Transmutations | 1 2 |  2.1
Fire Magic     | 1 2 |  2.1
Ice Magic      | 1 2 |  2.1
Air Magic      | 1 2 |  2.1
Earth Magic    | 1 2 |  2.1
Poison Magic   | 1 2 |  2.1
Axes           | 5 |  5.3
Fighting       | 7 |  7.1
Armour         | 7 |  7.1
Shields        | 7 |  7.1

Action                   |  1- 3 |  4- 6 |  7- 9 || total
-------------------------+-------+-------+-------++-------
Melee: War axe           |    61 |   107 |    56 ||   224
       Bite              |     2 |    10 |     4 ||    16
Throw: Stone             |       |    21 |    25 ||    46
  Use: Scroll            |       |     6 |     1 ||     7
       Potion            |       |     1 |       ||     1
Armor: Scale mail        |    20 |    43 |       ||    63
       Chain mail        |       |     4 |    37 ||    41
Dodge: Dodged            |    18 |    37 |    21 ||    76
Block: Buckler           |    15 |    42 |    15 ||    72
